Unix NetHack Version 5.0.0-0 post-release - last build May 31 2026 23:59:36 (970b52f25bf058293b47ddfd14a1e40e571c508c,branch:main).

Game began 2026-06-03 15:20:17, ended 2026-06-03 15:50:44.

Anarchos, lawful female dwarven Valkyrie

               ----------------
               |...............##
               |..............|                          ------
               -.----------.---                          |....|
                ############                             |....|
                     ##    #              ---------      |....|
                     #     #              |....>...######-....|
            ##########     #              |.......|      |.....##    ---------
        ----|-------       ###           #-.......|      ------ ###  |.@.....|
        |..+.?....?|        -.-------    #---------               ###.i......|
        |??.?...??.|        |.......| ####                           |.......|
        |??.......?|        |.......| #                              ---------
        |?+.[......|        |.......| #
        |.????.??.]|        |.......| #
        |?+???..?.+|        |<.......##
        ------------        |.......|
                            ---------

Anarchos the Skirmisher     St:14 Dx:14 Co:19 In:10 Wi:9 Ch:10  Lawful
Dlvl:3  $:46 HP:0(44) Pw:18(18) AC:10 Xp:4 T:3025 

Latest messages:
 (For instructions type a '?')
 You hit the iguana.
 You kill the iguana!
 Where do you want to travel to?
 (For instructions type a '?')
 You kill the lichen!
 Where do you want to travel to?
 (For instructions type a '?')
 You descend the stairs.
 You climb up the stairs.
 Where do you want to travel to?
 (For instructions type a '?')
 You descend the stairs.
 H - a green gem (2 in total).
 The bat bites!
 You kill the bat!
 The bat bites!
 The bat bites!
 You kill the bat!
 v - a bat corpse.
 A cloud of gas puts you to sleep!
 The imp hits!
 The imp hits!
 The imp hits!
 The imp hits!
 The imp hits!
 The imp hits!
 You wake up.
 You miss the imp.
 The imp hits!
 "Mercy!  Dost thou wish me to die of laughter?"
 You miss the imp.
 The rothe hits!
 The rothe bites!
 The rothe bites again!
 The rothe hits!
 The rothe bites!
 The rothe bites again!
 You hit the imp!
 The imp hits!
 The rothe hits!
 The rothe bites!
 The rothe bites again!
 The imp hits!
 The imp hits!
 You climb up the stairs.
 The imp hits!
 You die...
 Do you want your possessions identified? [ynq] (y) y
 Do you want to see your attributes? [ynq] (y) q

Inventory:
 Coins    ('$')
  $ - 46 gold pieces
 Weapons  (')')
  p - a cursed +0 boomerang
  g - 4 +0 darts (at the ready)
  i - 8 poisoned +2 darts
  a - a blessed +1 dwarvish spear (weapon in right hand)
  b - a +0 club
 Comestibles  ('%')
  v - an uncursed bat corpse
 Scrolls  ('?')
  l - an uncursed scroll of amnesia
  c - an uncursed scroll of create monster
  o - an uncursed scroll of destroy armor
  n - a blessed scroll of enchant armor
  d - an uncursed scroll of enchant weapon
  t - an uncursed scroll of food detection
  r - a blessed scroll of genocide
  e - 3 uncursed scrolls of magic mapping
  k - an uncursed scroll of remove curse
  f - an uncursed scroll of stinking cloud
  j - an uncursed scroll of teleportation
 Spellbooks  ('+')
  O - an uncursed novel named Soul Music
  s - an uncursed spellbook of stone to flesh
 Potions  ('!')
  V - 2 uncursed potions of healing
  T - an uncursed potion of object detection
 Rings    ('=')
  G - an uncursed ring of conflict
  F - a cursed ring of conflict
 Tools    ('(')
  u - an uncursed magic lamp
  Z - an uncursed mirror
  Y - an uncursed tin whistle
 Gems/Stones  ('*')
  H - 2 uncursed jade stones
  h - a cursed opal
  q - a cursed worthless piece of yellowish brown glass

Anarchos the Valkyrie's attributes:

Background:
 You were a Skirmisher, a level 4 dwarven Valkyrie.
 You were lawful, on a mission for Tyr
 who was opposed by Odin (neutral) and Loki (chaotic).
 You were right-handed.
 You were in the Dungeons of Doom, on level 3.
 You entered the dungeon 3025 turns ago.
 You had 124 experience points, 36 more were needed to attain level 5.

Basics:
 You had 0 out of 44 hit points.
 You had all 18 energy points (spell power).
 Your armor class was 10.
 Your wallet contained 46 zorkmids.
 Autopickup was on for all types.

Final Characteristics:
 Your strength was 14 (limit:18/100).
 Your dexterity was 14 (limit:20).
 Your constitution was 19 (limit:20).
 Your intelligence was 10 (limit:16).
 Your wisdom was 9 (limit:16).
 Your charisma was 10 (limit:16).

Final Status:
 You weren't hungry.
 You were unencumbered.
 You were wielding a spear.
 You had basic skill with spear.
 You weren't wearing any armor.

Final Attributes:
 You were piously aligned.
 You were cold resistant.
 You had infravision.
 You were stealthy.
 You are dead.

Miscellaneous:
 You didn't encounter any bones levels.
 Total elapsed playing time was 30 minutes and 19 seconds.

Major events:
 Turn
    1: Anarchos the lawful dwarven Valkyrie entered the dungeon
 1254: attained the rank of Skirmisher (level 3)
 2923: entered the Gnomish Mines
 3025: killed by an imp

You didn't know any spells.

Skills:
 Fighting Skills
   bare handed combat [Unskilled]
   two weapon combat  [Unskilled]
   riding             [Unskilled]
 Weapon Skills
   dagger             [Basic]
   axe                [Unskilled]
   pick-axe           [Unskilled]
   short sword        [Unskilled]
   broadsword         [Unskilled]
   long sword         [Unskilled]
   two-handed sword   [Unskilled]
   saber              [Unskilled]
   hammer             [Unskilled]
   quarterstaff       [Unskilled]
   polearms           [Unskilled]
   spear              [Basic]
   trident            [Unskilled]
   lance              [Unskilled]
   sling              [Unskilled]
 Spellcasting Skills
   attack spells      [Unskilled]
   escape spells      [Unskilled]

Voluntary challenges:
 Character rerolling was not enabled.
 You were illiterate.
 You never genocided any monsters.
 You never polymorphed an object.
 You never changed form.
 You used no wishes.
Achievements:
 You entered a shop.
 You attained the rank of Skirmisher.
 You entered the Gnomish Mines.

 The Dungeons of Doom: levels 1 to 4
    Level 1:
       A sink.
    Level 2:
       An armor shop.
    Level 3: <- You were here.
       A scroll shop.
       Stairs down to The Gnomish Mines.
       Final resting place for
          you, killed by an imp.
    Level 4:
       Many trees.
 The Gnomish Mines:
    Level 4:


Vanquished creatures:
  a small mimic
  a wood nymph
  a floating eye
  2 iguanas
  a coyote
  a brown mold
  3 garter snakes
  2 geckos
  4 jackals
  a fox
  3 kobolds
  a goblin
  a sewer rat
  3 grid bugs
  2 bats
  6 lichens
  a kobold zombie
  4 newts
38 creatures vanquished.

No species were genocided or became extinct.

Game over:
                       ----------
                      /          \
                     /    REST    \
                    /      IN      \
                   /     PEACE      \
                  /                  \
                  |     Anarchos     |
                  |      46 Au       |
                  | killed by an imp |
                  |                  |
                  |                  |
                  |                  |
                  |       2026       |
                 *|     *  *  *      | *
        _________)/\\_//(\/(/\)/\//\/|_)_______

Farvel Anarchos the Valkyrie...

You died in The Dungeons of Doom on dungeon level 3 with 708 points,
and 46 pieces of gold, after 3025 moves.
You were level 4 with a maximum of 44 hit points when you died.

